 Dungeon Crawl Stone Soup version 0.19.5 (webtiles) character file.

12409 raph the Arsonist (level 11, -7/64 HPs)
             Began as a Deep Elf Fire Elementalist on Apr 10, 2017.
             Was a High Priest of Sif Muna.
             Mangled by an ice devil (14 damage)
             ... in an ice cave.
             The game lasted 00:42:35 (13432 turns).

raph the Arsonist (Deep Elf Fire Elementalist)     Turns: 13432, Time: 00:42:35

Health: -7/64      AC: 13    Str:  5    XL:     11   Next: 62%
Magic:  2/33       EV: 16    Int: 24    God:    Sif Muna [*****.]
Gold:   299        SH:  0    Dex: 15    Spells: 6 memorised, 7 levels left

rFire  . . .     SeeInvis .     Y - staff of conjuration
rCold  . . .     Gourm    .     Z - +0 troll leather armour
rNeg   . . .     Faith    +     (no shield)
rPois  .         Spirit   .     y - +2 helmet
rElec  .         Reflect  .     s - +2 cloak
rCorr  .         Harm     .     V - +0 pair of gloves
MR     +....                    S - +0 pair of boots
Stlth  +++++.....               T - amulet of Behois Avvuo {Faith Stlth+}
                                z - ring of wizardry
                                e - ring of magical power

@: hasted, no casting, very quick
A: no striking features
a: Stop Divine Energy, Channel Magic, Forget Spell, Renounce Religion


You were in an ice cave.
You worshipped Sif Muna.
Sif Muna was extremely pleased with you.
You were very hungry.

You visited 2 branches of the dungeon, and saw 11 of its levels.
You also visited: Ossuary and Ice Cave.

You collected 526 gold pieces.
You spent 227 gold pieces at shops.

Inventory:

Hand Weapons
 a - the +1 short sword of Prudence {freeze, rN++ MR+++ Int-2 Dex-5}
   (You found it on level 4 of the Dungeon)

   It has been specially enchanted to freeze those struck by it, causing extra
   injury to most foes and up to half again as much damage against particularly
   susceptible opponents.
   It can also slow down cold-blooded creatures.
   It affects your intelligence (-2).
   It affects your dexterity (-5).
   It greatly protects you from negative energy.
   It affects your resistance to hostile enchantments.
 L - a +5 dagger
Missiles
 v - 16 tomahawks (quivered)
Armour
 l - a +2 robe of resistance
 s - a +2 cloak (worn)
 y - a +2 helmet (worn)
 S - a +0 pair of boots (worn)
 V - a +0 pair of gloves (worn)
 Z - a +0 troll leather armour (worn)
Magical Staves
 Y - an uncursed staff of conjuration (weapon)
Jewellery
 e - a ring of magical power (left hand)
 z - a ring of wizardry (right hand)
 T - the amulet of Behois Avvuo (around neck) {Faith Stlth+}
   (You acquired it on level 1 of the Lair of Beasts)

   [amulet of faith]

   It allows you to gain divine favour quickly.
   It makes you more stealthy.
Wands
 r - a wand of flame (28/48)
 A - a wand of digging (8/24)
 H - a wand of disintegration (7/24)
 N - a wand of digging (13/24)
Scrolls
 f - 4 scrolls of immolation
 g - a scroll of magic mapping
 m - a scroll of enchant armour
 n - 7 scrolls of teleportation
 o - 7 scrolls of remove curse
 C - 3 scrolls of fog
 P - 4 scrolls of recharging
Potions
 h - 3 potions of heal wounds
 k - 3 potions of might
 q - 5 potions of curing
 x - 3 potions of haste
 B - 3 potions of invisibility
 D - a potion of flight
 O - 2 potions of cure mutation
 Q - 2 potions of agility
 R - a potion of brilliance {unknown}
 U - a potion of berserk rage {unknown}
Books
 K - a book of Changes

   Spells                             Type                      Level
   a - Beastly Appendage              Transmutation                1
   b - Sticks to Snakes               Transmutation                2
   c - Spider Form                    Transmutation/Poison         3
   d - Ice Form                       Ice/Transmutation            4
   e - Blade Hands                    Transmutation                5
Miscellaneous
 W - a sack of spiders
Comestibles
 c - 8 bread rations
 d - 16 fruits
 j - 9 slices of pizza
 w - a royal jelly
 G - 3 meat rations
 X - 6 chunks of flesh


   Skills:
 + Level 5.2 Fighting
 + Level 2.0 Staves
 - Level 4.1 Armour
 + Level 8.4 Dodging
 - Level 8.0 Stealth
 - Level 7.9 Spellcasting
 * Level 10.2 Conjurations
 * Level 10.6 Fire Magic
 * Level 5.0 Invocations
 + Level 2.7 Evocations


You had 7 spell levels left.
You knew the following spells:

 Your Spells              Type           Power        Failure   Level  Hunger
a - Flame Tongue          Conj/Fire      #####        1%          1    None
b - Throw Flame           Conj/Fire      ######       1%          2    None
c - Conjure Flame         Conj/Fire      ######..     1%          3    None
d - Inner Flame           Hex/Fire       #####...     1%          3    None
e - Sticky Flame          Conj/Fire      ######..     1%          4    ###....
f - Fireball              Conj/Fire      ######....   1%          5    #####..


Dungeon Overview and Level Annotations

Branches:
Dungeon (10/15)            Temple (0/1) D:5            Lair (1/6) D:10
    Orc (0/2) D:10

Altars:
Dithmenos
Fedhas
Gozag
Qazlal
Ru
Sif Muna
Trog
Xom
Zin

Shops:
D:6 *   D:8 :


Message History

The ice devil appears unharmed.
The ice devil is lightly wounded.
The ice devil is covered in liquid flames!
Sif Muna grants you divine energy.
You briefly lose access to your magic!
The ice devil burns!
You hit the ice devil but do no damage.
The ice devil is lightly wounded.
The ice devil burns! x2; The ice devil hits you!
The ice devil freezes you!
The ice devil hits you but does no damage.
You feel much better.
The ice devil burns!
The ice devil hits you! The ice devil freezes you! The ice devil misses you.
Evoke which item? (* to show all) (? for menu, Esc to quit)
That item cannot be evoked!
The ice devil burns!
The ice devil stops burning.
You feel yourself speed up. The ice devil hits you! The ice devil freezes you!
* * * LOW HITPOINT WARNING * * *
The ice devil hits you.
* * * LOW HITPOINT WARNING * * *
The ice devil freezes you!
You die...

..# ... .... .....
#### 4....#
######..##
......##..##....##
.................#
....4........∩∩..#
........##...44@.#
.4....######..4.##
.....# ##..##
..... #### ....
... ..#


You could see 3 ice devils.

Vanquished Creatures
  The ghost of dxctxrx the Arsonist, a journeyman OpFE of Vehumet (D:10)
  Urug (D:10)
  An ugly thing (D:9)
  2 ice devils (IceCv)
  2 trolls
  A two-headed ogre (D:8)
  2 hornets (D:8)
  Grinder (D:5)
  3 hippogriffs
  2 wyverns
  6 yaks (D:10)
  A human (D:9)
  A steam dragon (D:9)
  A hungry ghost (D:10)
  2 water moccasins
  An ice beast (D:10)
  A porcupine (Lair:1)
  7 orc warriors
  A sky beast (D:9)
  A black bear (D:7)
  3 ogres
  2 phantoms
  A wolf (Lair:1)
  A necrophage (D:10)
  A centaur (D:9)
  2 crocodiles (Lair:1)
  7 big kobolds (D:10)
  3 bullfrogs
  3 gnoll sergeants
  A scorpion (D:8)
  5 killer bees (D:10)
  A howler monkey (D:5)
  3 wights (D:6)
  5 bullfrog zombies
  4 crimson imps
  2 centaur zombies (Ossuary)
  3 quasits
  3 hounds
  2 bullfrog skeletons
  A centaur skeleton (D:8)
  8 orc priests
  7 orc wizards
  12 mummies (Ossuary)
  Natasha (D:2)
  Terence (D:2)
  An iguana (D:8)
  3 worker ants
  2 killer bee zombies (Ossuary)
  6 hound zombies
  A hound skeleton (D:4)
  A howler monkey zombie (Ossuary)
  A worker ant zombie (Ossuary)
  Robin (D:3)
  4 adders
  17 gnolls
  2 shadow imps
  12 white imps (Lair:1)
  2 oozes (D:1)
  4 adder zombies
  An adder skeleton (D:6)
  7 worms
  A dart slug (D:3)
  5 leopard geckos
  56 orcs
  3 ball pythons
  5 bats
  5 giant cockroaches
  13 goblins
  7 hobgoblins
  15 jackals
  7 quokkas
  A ball python zombie (Ossuary)
  2 frilled lizards
  17 kobolds
  A leopard gecko zombie (Ossuary)
  A quokka skeleton (D:10)
  A quokka zombie (Ossuary)
  6 rats
  A withered plant (Ossuary)
332 creatures vanquished.

Vanquished Creatures (others)
  A withered plant (Ossuary)
1 creature vanquished.

Grand Total: 333 creatures vanquished

Notes
Turn   | Place    | Note
-------+----------+-------------------------------------------
     0 | D:1      | raph the Deep Elf Fire Elementalist began the quest for the Orb.
     0 | D:1      | Reached XP level 1. HP: 10/10 MP: 6/6
   184 | D:1      | Reached XP level 2. HP: 15/15 MP: 8/8
   219 | D:1      | Learned a level 2 spell: Throw Flame
   651 | D:1      | Reached XP level 3. HP: 19/19 MP: 9/9
   854 | D:2      | Learned a level 3 spell: Conjure Flame
   867 | D:2      | Found a sacrificial altar of Ru.
   927 | D:2      | Noticed Terence
   935 | D:2      | Killed Terence
  1012 | D:2      | Found a stormy altar of Qazlal.
  1161 | D:2      | Reached XP level 4. HP: 24/24 MP: 11/11
  1186 | D:2      | Learned a level 3 spell: Inner Flame
  1201 | D:2      | Noticed Natasha
  1210 | D:2      | Killed Natasha
  1632 | D:2      | Found a faded altar of an unknown god.
  1632 | D:2      | Found a faded altar of an unknown god.
  1637 | D:2      | Found a shadowy altar of Dithmenos.
  1640 | D:2      | Found a faded altar of an unknown god.
  1641 | D:2      | Found a faded altar of an unknown god.
  2145 | D:3      | Reached XP level 5. HP: 28/28 MP: 4/12
  2572 | D:3      | Noticed Robin
  2954 | D:3      | Found a deep blue altar of Sif Muna.
  2957 | D:3      | Killed Robin
  2979 | D:3      | Became a worshipper of Sif Muna the Loreminder
  3074 | D:4      | Reached skill level 1 in Fighting
  3080 | D:4      | Got a jewelled short sword
  3081 | D:4      | Identified the cursed +1 short sword of Prudence {freeze, rN++ MR+++ Int-2 Dex-5} (You found it on level 4 of the Dungeon)
  3293 | D:4      | Reached XP level 6. HP: 34/34 MP: 14/14
  3400 | D:4      | Reached skill level 5 in Fire Magic
  3511 | D:4      | Learned a level 4 spell: Sticky Flame
  3827 | D:5      | Entered Level 5 of the Dungeon
  3877 | D:5      | Noticed Grinder
  3894 | D:5      | Killed Grinder
  3894 | D:5      | Reached XP level 7. HP: 32/39 MP: 5/16
  3904 | D:5      | Reached * piety under Sif Muna
  4432 | D:5      | Found a staircase to the Ecumenical Temple.
  4940 | D:6      | Found a glowing silver altar of Zin.
  5073 | D:6      | Reached skill level 5 in Stealth
  5073 | D:6      | Reached skill level 5 in Conjurations
  5073 | D:6      | Reached XP level 8. HP: 34/44 MP: 6/17
  5088 | D:6      | Found a blossoming altar of Fedhas.
  5160 | D:6      | Found a sand-covered staircase.
  5212 | Ossuary  | Entered an ossuary
  5217 | Ossuary  | Reached skill level 5 in Spellcasting
  5714 | Ossuary  | Reached skill level 5 in Dodging
  5802 | Ossuary  | Reached ** piety under Sif Muna
  5802 | Ossuary  | Reached *** piety under Sif Muna
  5802 | Ossuary  | Reached XP level 9. HP: 52/52 MP: 21/21
  6061 | Ossuary  | Learned a level 5 spell: Fireball
  6186 | D:6      | Found a shimmering altar of Xom.
  6262 | D:6      | Found Imias's Assorted Antiques.
  6268 | D:6      | Bought a scroll labeled KOKOEN HELIULU for 24 gold pieces
  6268 | D:6      | Bought a glowing robe for 160 gold pieces
  6402 | D:6      | Bought 2 fuming dark potions for 43 gold pieces
  7340 | D:7      | Found a bloodstained altar of Trog.
  7461 | D:7      | Reached skill level 1 in Invocations
  8146 | D:7      | Reached XP level 10. HP: 57/57 MP: 23/23
  9203 | D:8      | Reached **** piety under Sif Muna
  9398 | D:8      | Found Ulegant's Book Shoppe.
  9596 | D:8      | Found an opulent altar of Gozag.
  9865 | D:9      | Noticed a purple ugly thing
  9867 | D:9      | Killed a purple ugly thing
 10319 | D:9      | Reached skill level 10 in Fire Magic
 10986 | D:10     | Entered Level 10 of the Dungeon
 11032 | D:10     | Noticed Urug
 11045 | D:10     | Killed Urug
 11045 | D:10     | Reached skill level 1 in Staves
 11045 | D:10     | Reached skill level 1 in Evocations
 11045 | D:10     | Reached XP level 11. HP: 25/62 MP: 1/24
 11397 | D:10     | Found a staircase to the Lair.
 11828 | D:10     | Noticed dxctxrx's ghost (journeyman OpFE)
 11839 | D:10     | Killed dxctxrx's ghost
 11839 | D:10     | Reached skill level 5 in Fighting
 12332 | D:10     | Reached skill level 10 in Conjurations
 12759 | D:10     | Reached ***** piety under Sif Muna
 12768 | D:10     | Found a staircase to the Orcish Mines.
 13031 | Lair:1   | Entered Level 1 of the Lair of Beasts
 13235 | Lair:1   | Identified a scroll of acquirement
 13236 | Lair:1   | Got a clouded lead amulet
 13237 | Lair:1   | Identified the amulet of Behois Avvuo {Faith Stlth+} (You acquired it on level 1 of the Lair of Beasts)
 13260 | Lair:1   | Found a frozen archway.
 13288 | Lair:1   | Received a gift from Sif Muna
 13394 | IceCv    | Entered an ice cave
 13416 | IceCv    | Reached skill level 5 in Invocations
 13432 | IceCv    | Mangled by an ice devil

Skill      XL: |  1  2  3  4  5  6  7  8  9 10 11 |
---------------+----------------------------------+-----
Conjurations   | 2 3 4 5 8 9 10 | 10.2
Fire Magic     | 4 5 6 9 10 | 10.6
Stealth        | 3 4 5 7 8 |  8.0
Dodging        | 3 4 6 7 8 |  8.4
Fighting       | 1 2 4 5 |  5.2
Spellcasting   | 4 7 |  7.9
Armour         | 4 |  4.1
Invocations    | 1 3 5 |  5.0
Staves         | 1 2 |  2.0
Evocations     | 1 2 |  2.7

Action                   |  1- 3 |  4- 6 |  7- 9 | 10-12 || total
-------------------------+-------+-------+-------+-------++-------
Melee: Dagger            |       |     3 |    19 |       ||    22
       Short sword       |       |       |    42 |    16 ||    58
       Staff             |       |       |       |    17 ||    17
Throw: Tomahawk          |       |     1 |       |       ||     1
 Cast: Flame Tongue      |    35 |   117 |   163 |   245 ||   560
       Throw Flame       |    16 |    31 |    34 |    54 ||   135
       Conjure Flame     |     1 |    11 |    14 |    12 ||    38
       Inner Flame       |       |    11 |     8 |     5 ||    24
       Sticky Flame      |       |       |     5 |    16 ||    21
       Fireball          |       |       |    21 |    45 ||    66
Invok: Divine Energy     |       |       |     1 |     1 ||     2
       Stop Divine Energ |       |       |       |     1 ||     1
Evoke: Wand              |       |       |       |     4 ||     4
  Use: Scroll            |       |     7 |    18 |     7 ||    32
       Potion            |       |       |     1 |     2 ||     3
  Eat: Chunk             |     1 |    11 |     9 |    14 ||    35
       Meat ration       |       |       |     1 |     2 ||     3
       Beef jerky        |       |       |     1 |     2 ||     3
       Pizza             |       |       |     1 |       ||     1
Armor: Robe              |     3 |     9 |    30 |    30 ||    72
       Leather armour    |       |       |     3 |       ||     3
       Troll leather arm |       |       |       |     5 ||     5
Dodge: Dodged            |     9 |    21 |    97 |    93 ||   220
